AoeStats
← gbbautista287

Hideout

509957018Analyzed
1v1 RM · 4d ago on Sep 28, 2026· 77m 6s· 2 players
Game mode
Random Map
Map size
Tiny (2 player)
Population
200
Speed
Normal
Resources
Standard
Victory
Conquest
Starting age
Dark Age
Ending age
Imperial Age
RankedLock teamsTeams togetherTeam positionsShared explorationLock speedFull tech treeHidden civsTurbo modeCheats
Victory
Defeat
🇨🇱 Hindustanis · Chile
624
+15
🇦🇷 Malians · Argentina
611
-15
gbbautista287
7:39 Loom
10:30 Feudal Age
11:36 Horse Collar
11:44 Double-Bit Axe
14:04 Wheelbarrow
18:08 Castle Age
16:58 Gold Mining
17:42 Scale Mail Armor
17:53 Forging
19:25 Chain Mail Armor
19:28 Heavy Plow
20:29 Man-at-Arms
21:42 Bow Saw
22:45 Stone Mining
23:23 Pikeman
30:47 Imperial Age
30:38 Squires
32:59 Chemistry
33:56 Plate Mail Armor
36:11 Hand Cart
36:57 Iron Casting
36:51 Town Watch
39:32 Fletching
39:43 Padded Archer Armor
40:39 Elite Gbeto
41:18 Bodkin Arrow
41:39 Leather Archer Armor
42:12 Murder Holes
42:38 Ballistics
44:04 Ring Archer Armor
44:23 Tigui
62:03 Heated Shot
65:40 Masonry
67:09 Fortified Wall
68:51 Town Patrol
fv.estrada.99
11:40 Feudal Age
12:03 Horse Collar
12:09 Double-Bit Axe
21:44 Castle Age
20:37 Wheelbarrow
19:47 Town Watch
19:48 Loom
20:48 Gold Mining
20:49 Stone Mining
24:40 Forging
25:10 Scale Barding Armor
26:14 Hand Cart
25:59 Town Patrol
30:42 Heavy Plow
30:59 Bow Saw
31:44 Gold Shaft Mining
31:49 Stone Shaft Mining
32:51 Chain Barding Armor
32:32 Scale Mail Armor
34:51 Husbandry
35:03 Bloodlines
39:54 Iron Casting
45:56 Imperial Age
43:43 Chain Mail Armor
46:26 Siege Elephant
46:32 Heavy Camel Rider
46:38 Elite Ghulam
48:55 Two-Man Saw
50:07 Imperial Camel Rider
61:04 Plate Barding Armor
61:29 Blast Furnace
61:21 Light Cavalry
63:15 Ballistics
63:56 Chemistry
63:18 Hussar
64:43 Coinage
66:54 Shatagni
66:52 Fletching
67:03 Padded Archer Armor
67:31 Bodkin Arrow
68:11 Banking
68:47 Leather Archer Armor
68:47 Thumb Ring
68:51 Bracer
Connection lost

Rejoining the realm…

Still unreachable

The connection could not be restored.

Session expired

The server has moved on; the page needs a fresh start.